 Dungeon Sprint DCSS version 0.19.0-9-gfd783f2 (webtiles) character file.

321 equalderp2856 the Gouger (level 6, -10/33 HPs)
             Began as a Felid Fighter on Nov 7, 2016.
             Engulfed by a death drake's foul pestilence (11 damage)
             ... in the Dungeon (Sprint II: "The Violet Keep of Menkaure").
             The game lasted 00:08:20 (806 turns).

equalderp2856 the Gouger (Felid Fighter)             Turns: 806, Time: 00:08:21

Health: -10/33     AC:  2    Str: 12      XL:     6   Next: 22%
Magic:  7/7        EV: 26    Int:  9 (10) God:
Gold:   984        SH:  0    Dex: 15      Spells: 0 memorised, 5 levels left
                                        Lives:  0   Deaths: 2

rFire  . . .     SeeInvis +       - Unarmed
rCold  . . .     Gourm    .     (armour unavailable)
rNeg   . . .     Faith    .     (shield unavailable)
rPois  .         Spirit   .     (helmet unavailable)
rElec  .         Reflect  .     (cloak unavailable)
rCorr  .         Harm     .     (gloves unavailable)
MR     .....     NoTele   +     (boots unavailable)
Stlth  ++........               (no amulet)
                                (no ring)
                                (no ring)

@: lethally poisoned (-10 -> -78), slowed, slow
A: no armour, no weapons or thrown items, stealth, claws 1, fangs 3, see
invisible, carnivore 3, deterioration 1, speed 1, shaggy fur 2, slow metabolism
1, weak 1, sharp paws
a: no special abilities


You were in the Dungeon.
You were not hungry.

You visited 1 branch You collected 984 gold pieces.

Inventory:

Scrolls
 h - a scroll of blinking
Potions
 a - a potion of might
 d - a potion of heal wounds
 e - a potion of haste
 f - 2 potions of magic
 g - a potion of berserk rage
Comestibles
 b - a meat ration


   Skills:
 + Level 8.2 Fighting
 + Level 10.6 Dodging
 + Level 14.5 Unarmed Combat


You had 5 spell levels left.
You didn't know any spells.

Dungeon Overview and Level Annotations

Branches:
Dungeon (1/1)

Altars:
Cheibriados
Dithmenos
Elyvilon
Fedhas
Gozag
Hepliaklqana
Kikubaaqudgha
Makhleb
Nemelex Xobeh
Okawaru
Qazlal
Ru
Sif Muna
Trog
Uskayaw
Vehumet
Xom
Yredelemnul
Zin
The Shining One
Jiyva
Lugonu

Shops:
D :=}%!*(?[![}:=((

Annotations:
D exclusion: oklob plant


Innate Abilities, Weirdness & Mutations

You cannot wear armour.
You are incapable of wielding weapons or throwing items.
Your paws allow you to move quietly. (Stealth)
You have sharp claws.
You have razor-sharp teeth.
You have supernaturally acute eyesight. (SInv)
You are carnivorous and can eat meat at any time.
You cover ground quickly.
You are covered in thick fur. (AC +2)
You have a slow metabolism.
Your sharp claws are effective at attacking unaware monsters.
Your body sometimes deteriorates upon taking damage.
You are weak. (Str -2)


Message History

There is a staircase leading out of the dungeon here.
The death drake breathes miasma at you. The foul vapour engulfs you!
You are poisoned.
You feel yourself slow down.
Your body deteriorates!
You feel dopey.
You are engulfed in dark miasma.
You are more poisoned.
* * * LOW HITPOINT WARNING * * *
x2 You feel very sick.
The death drake bites you.
* * * LOW HITPOINT WARNING * * *
The death drake closely misses you.
There is an open door here.
Unknown command.
You scratch the death drake.
The death drake is lightly wounded.
You are engulfed in dark miasma.
You are more poisoned.
You die...

########≈≈#+++#+++## ... ##
#######≈≈≈.........# .. 8#
..∩.∩.#≈≈≈≈.##+##..# #. .#
.∩.∩..#≈≈≈≈##...##.#### +.##k#
∩.∩...#≈≈≈≈#.)#..#....# #..k#
.∩....#≈≈####.§.####..## #.k#
∩.∩...#≈##.###§###.##..# +§^#
.∩.∩..#≈##..##§##k.##†.# #§.# #
..∩.∩.'≈'##.'§§§@##.'kk####§.##.#
...∩.∩#≈#.#.##§##k.##.§k.###...##
▓▓▓▓###≈##.###§###.##.§....§≈≈≈≈≈
H######≈≈####.#.####≈≈.....≈#+###


H#s ##≈≈≈#..##.#≈≈§§≈≈≈..≈#..._ )+$ #†#≈##..###≈≈≈§≈≈≈≈.≈#.._. $
#.#≈≈##'##≈≈§≈≈≈§≈≈≈≈#._._ ) ####≈≈≈≈≈≈≈≈≈≈§§≈≈§§§#_._. #
#+++#+++#≈≈≈≈§§§§§#._._ You could see 2 death drakes.

Vanquished Creatures
  A siren (D)
  4 neqoxecs (D)
  A vampire mosquito (D)
  Menkaure (D)
  4 worker ants (D)
  3 worms (D)
14 creatures vanquished.

Vanquished Creatures (others)
  A crocodile (D)
1 creature vanquished.

Grand Total: 15 creatures vanquished

Notes
Turn   | Place    | Note
-------+----------+-------------------------------------------
     0 | D        | equalderp2856 the Felid Fighter began the quest for the Orb.
     0 | D        | Reached XP level 1. HP: 10/10 MP: 2/2
     1 | D        | Noticed a siren
    16 | D        | Killed a siren
    16 | D        | Reached skill level 11 in Unarmed Combat
    16 | D        | Reached XP level 2. HP: 17/17 MP: 3/3
    16 | D        | Reached XP level 3. HP: 21/21 MP: 4/4
    16 | D        | Reached XP level 4. HP: 24/24 MP: 5/5
    16 | D        | Reached XP level 5. HP: 28/28 MP: 6/6
    16 | D        | Gained mutation: You are covered in thick fur. (AC +2) [Felid growth]
    16 | D        | Reached XP level 6. HP: 31/31 MP: 7/7
    39 | D        | Noticed a neqoxec
    39 | D        | Noticed a neqoxec
    39 | D        | Noticed a neqoxec
    39 | D        | Noticed a neqoxec
    43 | D        | Killed a neqoxec
    43 | D        | Reached skill level 12 in Unarmed Combat
    51 | D        | Gained mutation: You are weak. (Str -2) [a neqoxec]
    56 | D        | Killed a neqoxec
    56 | D        | Reached XP level 7. HP: 25/36 MP: 8/8
    57 | D        | Gained mutation: Your body sometimes deteriorates upon taking damage. [a neqoxec]
    63 | D        | Killed a neqoxec
    63 | D        | Reached skill level 13 in Unarmed Combat
    72 | D        | Killed a neqoxec
    72 | D        | Reached skill level 10 in Dodging
   358 | D        | Reached skill level 14 in Unarmed Combat
   373 | D        | Noticed a flying skull
   393 | D        | Noticed Menkaure
   397 | D        | Killed Menkaure
   397 | D        | Reached XP level 8. HP: 22/40 MP: 9/9
   491 | D        | Found Tovar's Antique Armour Boutique.
   491 | D        | Found Ykathroq's Magic Scroll Shop.
   491 | D        | Found Huozu's Antique Armour Shop.
   491 | D        | Found Palor's Jewellery Shop.
   491 | D        | Found Gawn's Weapon Boutique.
   492 | D        | Found Piffiuv's Antique Weapon Shop.
   492 | D        | Found Caix's Book Boutique.
   492 | D        | Found Pomuloing's Gadget Shop.
   492 | D        | Found Zisayjats's General Store.
   492 | D        | Found Gadghil's Distillery.
   492 | D        | Found Kiloen's Food Boutique.
   493 | D        | Found Huwaton's Gadget Shop.
   493 | D        | Found Zej Zuh's Jewellery Boutique.
   493 | D        | Noticed a hippogriff
   494 | D        | Found Leminlea's Antique Weapon Boutique.
   494 | D        | Found Voddeutu's Distillery.
   494 | D        | Noticed a hippogriff
   495 | D        | Noticed a hippogriff
   495 | D        | Noticed an oklob plant
   513 | D        | Noticed a flying skull
   516 | D        | Noticed a flying skull
   516 | D        | Noticed a flying skull
   517 | D        | Noticed a flying skull
   517 | D        | Noticed a flying skull
   518 | D        | Noticed a flying skull
   521 | D        | Noticed a flying skull
   521 | D        | Noticed a flying skull
   521 | D        | Noticed a flying skull
   521 | D        | Noticed a flying skull
   522 | D        | Noticed a flying skull
   544 | D        | Found a glowing golden altar of the Shining One.
   565 | D        | Noticed an ice dragon
   565 | D        | Found Zuoterua's Book Shoppe.
   647 | D        | Found a radiant altar of Vehumet.
   647 | D        | Found an iron altar of Okawaru.
   648 | D        | Found a glowing silver altar of Zin.
   648 | D        | Found a hide-covered altar of Uskayaw.
   648 | D        | Found a sparkling altar of Nemelex Xobeh.
   649 | D        | Found a basalt altar of Yredelemnul.
   649 | D        | Found a bloodstained altar of Trog.
   649 | D        | Found a burning altar of Makhleb.
   649 | D        | Found an opulent altar of Gozag.
   650 | D        | Found a deep blue altar of Sif Muna.
   650 | D        | Found a shimmering altar of Xom.
   650 | D        | Found a corrupted altar of Lugonu.
   650 | D        | Found a blossoming altar of Fedhas.
   652 | D        | Found a sacrificial altar of Ru.
   652 | D        | Found an ancient bone altar of Kikubaaqudgha.
   652 | D        | Found a white marble altar of Elyvilon.
   655 | D        | Found a stormy altar of Qazlal.
   655 | D        | Found a viscous altar of Jiyva.
   655 | D        | Found a shadowy altar of Dithmenos.
   656 | D        | Found a hazy altar of Hepliaklqana.
   656 | D        | Found a snail-covered altar of Cheibriados.
   776 | D        | Noticed a death drake
   778 | D        | Noticed a death drake
   783 | D        | Noticed a crystal guardian
   785 | D        | Engulfed by a death drake's foul pestilence
   786 | D        | Reached XP level 7. HP: -7/37 MP: 8/8
   799 | D        | Succumbed to a death drake's dark miasma
   800 | D        | Reached XP level 6. HP: 0/31 MP: 7/7
   805 | D        | HP: 1/33 [death drake (3)]
   806 | D        | Engulfed by a death drake's foul pestilence

Skill      XL: |  1  2  3  4  5  6  7 |
---------------+----------------------+-----
Fighting       | 6 7 8 |  8.2
Dodging        | 8 9 10 | 10.6
Unarmed Combat | 11 12 14 | 14.5

Action                   |  1- 3 |  4- 6 |  7- 9 || total
-------------------------+-------+-------+-------++-------
Melee: Unarmed           |    13 |    22 |    36 ||    71
       Bite              |     3 |     5 |     6 ||    14
       Punch             |       |     2 |       ||     2
  Use: Potion            |       |       |     1 ||     1
Armor: Skin              |       |     1 |     1 ||     2
Dodge: Dodged            |     2 |    17 |    32 ||    51
